 Dungeon Crawl Stone Soup version 0.22-a0-414-gacd343e8ff (webtiles) character file.

334 Kriby the Fighter (level 6, -11/57 HPs)
             Began as a Gnoll Wanderer on May 13, 2018.
             Mangled by Kriby's ghost (17 damage)
             ... on level 3 of the Dungeon.
             The game lasted 00:02:29 (2614 turns).

Kriby the Fighter (Gnoll Wanderer)                  Turns: 2614, Time: 00:02:29

Health: -11/57     AC:  5    Str: 17 (20) XL:     6   Next: 53%
Magic:  9/9        EV: 12    Int: 16 (18) God:
Gold:   86         SH:  0    Dex: 16 (17) Spells: 9/9 levels left

rFire    + . .     SeeInvis .   t - +0 quarterstaff
rCold    . . .     Gourm    .   (shield currently unavailable)
rNeg     . . .     Faith    .   l - +0 leather armour
rPois    .         Spirit   .   (helmet restricted)
rElec    .         Reflect  .   (no cloak)
rCorr    .         Harm     .   (no gloves)
MR       .....     Clarity  +   (no boots) Stlth ++........Rnd*Tele +
                                (no amulet)
HPRegen  0.19/turn              (no ring)
MPRegen  0.11/turn              r - ring of protection from fire

@: mighty, brilliant
A: distributed training, antennae 1, fangs 1, thin metallic scales 1, clarity,
teleportitis 1, strong nose
a: no special abilities


You were on level 3 of the Dungeon.
You were not hungry.

You visited 1 branch of the dungeon, and saw 3 of its levels.

You collected 86 gold pieces.

Inventory:

Hand Weapons
 a - a +2 short sword
 b - a +0 spear
 t - a +0 quarterstaff (weapon)
Armour
 d - a +0 robe
 l - a +0 leather armour (worn)
Jewellery
 r - a ring of protection from fire (right hand)
Wands
 e - a wand of digging (9)
Scrolls
 c - a scroll of teleportation
 g - a scroll of fog {unknown}
 h - a scroll of enchant armour {unknown}
 i - 2 scrolls of remove curse
 k - a scroll of magic mapping {unknown}
 m - 6 scrolls of identify {unknown}
 s - 2 scrolls of fear {unknown}
Potions
 j - 3 potions of flight {unknown}
Comestibles
 f - 6 rations
 p - 3 chunks of flesh


   Skills:
 + Level 8.7 Fighting
 + Level 5.0 Short Blades
 + Level 2.0 Long Blades
 + Level 2.0 Axes
 + Level 2.0 Maces & Flails
 + Level 5.0 Polearms
 + Level 2.0 Staves
 + Level 2.0 Slings
 + Level 2.0 Bows
 + Level 2.0 Crossbows
 + Level 2.0 Throwing
 + Level 2.0 Armour
 + Level 2.0 Dodging
 + Level 3.1 Stealth
 + Level 3.2 Shields
 + Level 2.0 Unarmed Combat
 + Level 2.0 Spellcasting
 + Level 1.5 Conjurations
 + Level 1.5 Hexes
 + Level 1.5 Charms
 + Level 1.5 Summonings
 + Level 1.5 Necromancy
 + Level 1.5 Translocations
 + Level 1.5 Transmutations
 + Level 1.5 Fire Magic
 + Level 1.5 Ice Magic
 + Level 1.5 Air Magic
 + Level 1.5 Earth Magic
 + Level 1.5 Poison Magic
 + Level 2.1 Invocations
 + Level 2.0 Evocations


You had 9 spell levels left.
You didn't know any spells.
Your spell library was empty.

Dungeon Overview and Level Annotations

Branches:
Dungeon (3/15)

Altars:
Ashenzari

Annotations:
D:3 Kriby's ghost, amateur TrMo


Innate Abilities, Weirdness & Mutations

Your experience applies equally to all skills.
You have very sharp teeth.
Your uncanny sense of smell can sniff out nearby items.
You have a pair of small antennae on your head.
You are partially covered in thin metallic scales. (AC +2)
You possess an exceptional clarity of mind.
You are occasionally teleported next to monsters.


Message History

Kriby's ghost closely misses you.
You sock Kriby's ghost! Your bite misses Kriby's ghost.
Kriby's ghost is heavily damaged.
Kriby's ghost hits you! x2
* * * LOW HITPOINT WARNING * * *
You closely miss Kriby's ghost.
Kriby's ghost is heavily damaged.
Kriby's ghost hits you.
* * * LOW HITPOINT WARNING * * *
You closely miss Kriby's ghost.
Kriby's ghost is heavily damaged.
Kriby's ghost misses you.
Some of the chunks of flesh in your inventory have rotted away.
You barely miss Kriby's ghost. Your bite misses Kriby's ghost.
Kriby's ghost is heavily damaged.
Kriby's ghost closely misses you.
You sock Kriby's ghost!
Kriby's ghost is severely damaged.
Kriby's ghost hits you!
You die...

...# #...# ..##
##..#### ..#
#.....# .(#
##....### ###
#>.....#
######.....# .
#..........# ...
#..........#.....
#........@W.#
#....†......#
#...##......#
#### #..?...#
#......# ####+###


You could see Kriby's ghost.

Vanquished Creatures
  Sigmund (D:2)
  Natasha (thrice) (D:2)
  3 adders (D:2)
  A gnoll (D:1)
  An ooze (D:1)
  2 worms (D:2)
  2 dart slugs (D:1)
  A leopard gecko (D:3)
  An orc (D:3)
  6 bats
  6 giant cockroaches
  8 hobgoblins
  4 jackals (D:1)
  4 frilled lizards
  6 goblins
  7 kobolds
  10 rats
66 creatures vanquished.

Notes
Turn   | Place    | Note
-------+----------+-------------------------------------------
     0 | D:1      | Kriby the Gnoll Wanderer began the quest for the Orb.
     0 | D:1      | Kriby set off with: a +2 short sword, a +0 spear, a scroll of teleportation, a +0 robe, a ration
     0 | D:1      | Reached XP level 1. HP: 26/26 MP: 1/1
    76 | D:1      | Found a shattered altar of Ashenzari.
   116 | D:1      | Reached XP level 2. HP: 25/33 MP: 2/2
   233 | D:1      | Reached XP level 3. HP: 30/38 MP: 3/3
   723 | D:1      | Reached skill level 1 in Invocations
  1324 | D:2      | Noticed Natasha
  1324 | D:2      | Reached skill level 1 in Long Blades
  1324 | D:2      | Reached skill level 1 in Axes
  1324 | D:2      | Reached skill level 1 in Maces & Flails
  1324 | D:2      | Reached skill level 1 in Staves
  1324 | D:2      | Reached skill level 1 in Slings
  1324 | D:2      | Reached skill level 1 in Bows
  1324 | D:2      | Reached skill level 1 in Crossbows
  1324 | D:2      | Reached skill level 1 in Throwing
  1324 | D:2      | Reached skill level 1 in Armour
  1324 | D:2      | Reached skill level 1 in Dodging
  1324 | D:2      | Reached skill level 1 in Unarmed Combat
  1324 | D:2      | Reached skill level 1 in Spellcasting
  1324 | D:2      | Reached skill level 1 in Evocations
  1335 | D:2      | Killed Natasha
  1335 | D:2      | Reached XP level 4. HP: 11/45 MP: 5/5
  1354 | D:2      | Noticed Natasha
  1358 | D:2      | Killed Natasha
  1358 | D:2      | Reached skill level 1 in Conjurations
  1358 | D:2      | Reached skill level 1 in Hexes
  1358 | D:2      | Reached skill level 1 in Charms
  1358 | D:2      | Reached skill level 1 in Summonings
  1358 | D:2      | Reached skill level 1 in Necromancy
  1358 | D:2      | Reached skill level 1 in Translocations
  1358 | D:2      | Reached skill level 1 in Transmutations
  1358 | D:2      | Reached skill level 1 in Fire Magic
  1358 | D:2      | Reached skill level 1 in Ice Magic
  1358 | D:2      | Reached skill level 1 in Air Magic
  1358 | D:2      | Reached skill level 1 in Earth Magic
  1358 | D:2      | Reached skill level 1 in Poison Magic
  1432 | D:2      | Noticed Natasha
  1437 | D:2      | Killed Natasha
  1437 | D:2      | Reached XP level 5. HP: 22/51 MP: 6/6
  2129 | D:2      | Noticed Sigmund
  2133 | D:2      | Gained mutation: You possess an exceptional clarity of mind. [potion of mutation]
  2133 | D:2      | Gained mutation: You have a pair of small antennae on your head. [potion of mutation]
  2133 | D:2      | Gained mutation: You are occasionally teleported next to monsters. [potion of mutation]
  2133 | D:2      | Gained mutation: You are partially covered in thin metallic scales. (AC +2) [potion of mutation]
  2149 | D:2      | Killed Sigmund
  2149 | D:2      | Reached skill level 5 in Short Blades
  2149 | D:2      | Reached skill level 5 in Polearms
  2149 | D:2      | Reached XP level 6. HP: 38/57 MP: 8/8
  2598 | D:3      | Noticed Kriby's ghost (amateur TrMo)
  2614 | D:3      | Mangled by Kriby's ghost

Vault maps used:
D:1:      lemuel_arrival_behind_the_door_small, nicolae_ashenzari_panopticon
D:2:      minmay_tetromino_l2, uniq_sigmund, uniq_natasha
D:3:      uniq_jessica

Skill      XL: |  1  2  3  4  5  6 |
---------------+-------------------+-----
Invocations    | 1 2 |  2.1
Long Blades    | 1 2 |  2.0
Axes           | 1 2 |  2.0
Maces & Flails | 1 2 |  2.0
Staves         | 1 2 |  2.0
Slings         | 1 2 |  2.0
Bows           | 1 2 |  2.0
Crossbows      | 1 2 |  2.0
Throwing       | 1 2 |  2.0
Armour         | 1 2 |  2.0
Dodging        | 1 2 |  2.0
Unarmed Combat | 1 2 |  2.0
Spellcasting   | 1 2 |  2.0
Evocations     | 1 2 |  2.0
Conjurations   | 1 |  1.5
Hexes          | 1 |  1.5
Charms         | 1 |  1.5
Summonings     | 1 |  1.5
Necromancy     | 1 |  1.5
Translocations | 1 |  1.5
Transmutations | 1 |  1.5
Fire Magic     | 1 |  1.5
Ice Magic      | 1 |  1.5
Air Magic      | 1 |  1.5
Earth Magic    | 1 |  1.5
Poison Magic   | 1 |  1.5
Shields        | 3 |  3.2
Short Blades   | 5 |  5.0
Polearms       | 5 |  5.0
Stealth        | 3 |  3.1
Fighting       | |  8.7

Action                   |  1- 3 |  4- 6 || total
-------------------------+-------+-------++-------
Melee: Short sword       |    97 |    80 ||   177
       Bite              |    10 |     8 ||    18
       Punch             |     1 |       ||     1
       Quarterstaff      |       |    21 ||    21
  Use: Potion            |       |     5 ||     5
       Scroll            |       |     1 ||     1
 Stab: Sleeping          |     5 |     7 ||    12
  Eat: Chunk             |     1 |     4 ||     5
Armor: Robe              |     6 |       ||     6
       Leather armour    |       |    19 ||    19
Dodge: Dodged            |    48 |    45 ||    93

Table legend:
 A = Spawn XP
 B = Non-spawn XP
 C = Spawn XP percentage of total XP
 D = Spawn monster count
 E = Non-spawn monster count
 F = Spawn count percentage of total count
 G = Total turns spent on level
                    A         B        C        D         E        F      G
               +---------+---------+-------+---------+---------+-------+---------
         Total |       0 |     478 |   0.0 |       0 |      66 |   0.0 |  2614
               +---------+---------+-------+---------+---------+-------+---------
           D:1 |       0 |      68 |   0.0 |       0 |      29 |   0.0 |  1271
           D:2 |       0 |     392 |   0.0 |       0 |      27 |   0.0 |  1168
           D:3 |       0 |      18 |   0.0 |       0 |      10 |   0.0 |   175
               +---------+---------+-------+---------+---------+-------+---------
